 Dungeon Crawl Stone Soup version 0.28.0-45-g0d030f2227 (webtiles) character file.

Game seed: 1248410388250413313

335 issech the Cudgeller (level 6, -1/61 HPs)
             Began as a Troll Monk on Apr 13, 2022.
             Succumbed to a water moccasin's poison
             ... on level 4 of the Dungeon.
             The game lasted 00:10:59 (2485 turns).

issech the Cudgeller (Troll Monk)                   Turns: 2485, Time: 00:10:59

Health: -1/61      AC:  5    Str: 20    XL:     6   Next: 28%
Magic:  5/5        EV: 10    Int:  6    God:
Gold:   124        SH:  0    Dex: 14    Spells: 5/5 levels left

rFire   . . .      SeeInvis +   a - +0 mace
rCold   . . .      Faith    .   (no shield)
rNeg    . . .      Spirit   .   b - +1 robe
rPois   .          Reflect  .   (helmet restricted)
rElec   .          Harm     .   (no cloak)
rCorr   .          Rampage  .   (gloves unavailable)
Will    +....                   (boots unavailable)
Stlth   ++........              (no amulet)
HPRegen 1.00/turn               s - ring of willpower
MPRegen 0.09/turn               r - ring of see invisible

@: lethally poisoned (-1 -> -38)
A: large, unfitting armour, claws 3, regeneration 1, shaggy fur 1, tough skin 1
a: no special abilities


You were on level 4 of the Dungeon.
You visited 1 branch of the dungeon, and saw 4 of its levels.

You collected 124 gold pieces.

Inventory:

Hand Weapons
 a - a +0 mace (weapon)
 x - a +1 antimagic hand axe
Missiles
 l - 77 stones (quivered)
 w - 2 poisoned darts
Armour
 b - a +1 robe (worn)
Jewellery
 j - a ring of flight
 r - a ring of see invisible (right claw)
 s - a ring of willpower (left claw)
Wands
 p - a wand of polymorph (14)
Scrolls
 f - a scroll of holy word
 g - a scroll of enchant weapon
 h - a scroll of blinking
 k - a scroll of enchant armour
 q - 4 scrolls of vulnerability
Potions
 c - 3 potions of might {unknown}
 i - 3 potions of attraction {unknown}
 o - a potion of degeneration {unknown}
 u - a potion of brilliance {unknown}
 v - a potion of ambrosia {unknown}


   Skills:
 + Level 3.3 Fighting
 + Level 5.0 Maces & Flails
 + Level 1.0 Throwing
 + Level 3.2 Dodging
 + Level 1.3 Stealth


You had 5 spell levels left.
You didn't know any spells.
Your spell library was empty.

Dungeon Overview and Level Annotations

Branches:
Dungeon (4/15)
 Temple: D:4-7

Altars:

Shops:
D:1 (   D:2 !   D:4 (


Innate Abilities, Weirdness & Mutations

You are too large for most types of armour.
You have claws for hands.
Your natural rate of healing is unusually fast.
You are covered in fur. (AC +1)
You have tough skin. (AC +1)


Message History

The water moccasin bites you!
You are poisoned.
The water moccasin poisons you! The water moccasin closely misses you.
You hit the water moccasin.
The water moccasin is moderately wounded.
You feel very sick.
The water moccasin bites you but does no damage.
You closely miss the water moccasin.
The water moccasin is moderately wounded.
You feel very sick. The water moccasin barely misses you.
The water moccasin bites you!
You hit the water moccasin.
The water moccasin is moderately wounded.
You feel sick. The water moccasin bites you.
The water moccasin bites you but does no damage.
You hit the water moccasin.
The water moccasin is heavily wounded.
You feel sick. The water moccasin bites you.
You are more poisoned.
The water moccasin poisons you!
You miss the water moccasin.
The water moccasin is heavily wounded.
You feel very sick.
The water moccasin bites you but does no damage.
The water moccasin bites you.
You are more poisoned.
The water moccasin poisons you!
The kobold throws a poisoned dart.
The poisoned dart hits you!
You are lethally poisoned!
You barely miss the water moccasin.
The water moccasin is heavily wounded.
* * * LOW HITPOINT WARNING * * *
You feel extremely sick. The water moccasin bites you.
* * * LOW HITPOINT WARNING * * *
You are more poisoned.
The water moccasin poisons you!
You closely miss the water moccasin.
The water moccasin is heavily wounded.
You die...

***,,.#.............#
**,,,,.............#*
**,,,,,,.K..........#
**,,*,,####.........#*
,,,*#,,+..#.........#
,,**#.,*,,#.........#
****#..####......<..# *
**............S...#
**,............@...#
**,,................#
*,,,....∩...........#*
*,,,.................#
,,,,......$.........##
,,,,.................#
,,,,.................#*
,,,,........#.........#
,,,,........#.........#


You could see a water moccasin and a kobold.

Vanquished Creatures
  A necrophage (D:3)
  A bullfrog skeleton (D:2)
  Natasha (thrice) (D:2)
  An orc wizard (D:3)
  7 adders
  3 worms
  A dart slug (D:2)
  An orc (D:3)
  5 endoplasms
  3 giant cockroaches
  4 goblins
  3 hobgoblins
  7 jackals
  5 kobolds
  4 ball pythons
  A bat (D:1)
  2 frilled lizards
  5 rats
57 creatures vanquished.

Notes
Turn   | Place    | Note
-------+----------+-------------------------------------------
     0 | D:1      | issech the Troll Monk began the quest for the Orb.
     0 | D:1      | Reached XP level 1. HP: 22/22 MP: 0/0
   181 | D:1      | Reached skill level 3 in Maces & Flails
   250 | D:1      | Found Xifulerr's Weapon Shop.
   295 | D:1      | Reached XP level 2. HP: 29/29 MP: 1/1
   744 | D:3      | Reached XP level 3. HP: 32/36 MP: 2/2
  1296 | D:2      | Reached XP level 4. HP: 42/44 MP: 3/3
  1302 | D:2      | Found Reehow's Distillery.
  1415 | D:2      | Noticed Natasha
  1424 | D:2      | Killed Natasha
  1464 | D:2      | Noticed Natasha
  1536 | D:2      | Killed Natasha
  1537 | D:2      | Reached skill level 4 in Maces & Flails
  1554 | D:2      | Noticed Natasha
  1577 | D:2      | Killed Natasha
  1578 | D:2      | Reached XP level 5. HP: 49/53 MP: 4/4
  1629 | D:2      | Found a faded altar of an unknown god.
  2365 | D:4      | Found Udore's Antique Weapon Boutique.
  2365 | D:4      | Noticed a necrophage
  2379 | D:4      | Noticed a water moccasin
  2398 | D:3      | Killed a necrophage
  2399 | D:3      | Reached skill level 1 in Throwing
  2399 | D:3      | Reached XP level 6. HP: 45/61 MP: 5/5
  2442 | D:3      | Reached skill level 5 in Maces & Flails
  2485 | D:4      | Succumbed to a water moccasin's poison

Illustrated notes

Levels and vault maps discovered:
D:1:      moated_graveyard_arrival, layout_basic, serial_shops,
          nicolae_shop_stone, minmay_crystal_water
D:2:      layout_rooms, serial_shops, shop, shapermc_ecumenical_altar_venn,
          uniq_natasha
D:3:      layout_loops_corners
D:4:      layout_cave_pods, serial_shops, shop, portal_sewer_entry_b,
          chequers_serial_rivers_small_b, corexii_shack, grunt_ministairs_2

Skill      XL: |  1  2  3  4  5  6 |
---------------+-------------------+-----
Maces & Flails | 3 4 5 |  5.0
Fighting       | 3 |  3.3
Dodging        | 3 |  3.2
Throwing       | 1 |  1.0
Stealth        | |  1.3

Action                   |  1- 3 |  4- 6 || total
-------------------------+-------+-------++-------
Melee: Mace              |    87 |   144 ||   231
Throw: Stone             |    19 |    17 ||    36
  Use: Scroll            |       |     9 ||     9
 Stab: Sleeping          |     1 |       ||     1
Armor: Robe              |    39 |    71 ||   110
Dodge: Dodged            |    62 |   119 ||   181
